[Event "Live Chess"]
[Site "Chess.com"]
[Date "2023.05.21"]
[Round "-"]
[White "Tushinskiy"]
[Black "Pablo_dmp"]
[Result "1-0"]
[WhiteElo "2214"]
[BlackElo "1842"]
[TimeControl "300"]
[EndTime "21:26:01 PDT"]
[Termination "Tushinskiy won by checkmate"]

1. d4 c5 2. c3 Nf6 3. Nf3 d5 4. Bf4 Nc6 5. e3 Bf5 6. Bd3 Bxd3 7.
Qxd3 cxd4 8. exd4 e6 9. Nbd2 Bd6 10. Bg3 O-O 11. O-O Ne7 12. Rfe1 Nf5 13. Ne5 Nxg3 14. hxg3 Qc7 15. f4 Qb6 16. Rab1 h5 17. Nef3 Qc7 18.
Ng5 g6 19. Ndf3 Bxf4 20. gxf4 Qxf4 21. Rf1 Ng4 22. Rbe1 Qg3 23. Nxe6 fxe6 24. Qxg6+ Kh8 25. Qxh5+ Kg8 26. Qg6+ Kh8 27. Rxe6 Rxf3 28. Qh5+ Kg8 29. Rg6+ Kf7 30. Qh7+ Kf8 31. Rg8# 1-0

[Event "Live Chess"]
[Site "Chess.com"]
[Date "2023.05.21"]
[Round "-"]
[White "Biranidun"]
[Black "matt1979"]
[Result "1-0"]
[WhiteElo "2536"]
[BlackElo "1493"]
[TimeControl "300"]
[EndTime "21:26:40 PDT"]
[Termination "Biranidun won by resignation"]

1. e4 d6 2. d4 Nf6 3. Nc3 e5 4. Nf3 Nbd7 5. Bc4 Be7 6. O-O O-O 7. h3 c6 8. a4 Qc7 9. Re1 b6 10. Be3 a6 11. Ba2 Bb7 12. Nh4 d5 13. Nf5 Bb4 14. dxe5 Nxe5 15. exd5 Nxd5 16. Nxd5 cxd5 17. c3 Bc5 18. Bf4 f6 19. Bxd5+ Bxd5 20. Qxd5+ Kh8 21. Bxe5 fxe5 22. Qxe5 Qf7 23. g4 Kg8 24. b4 Bxf2+ 25. Kxf2 Rad8 26. Kg3 Rd3+ 27. Re3 Rxe3+ 28. Qxe3 Qc7+ 29.
Kg2 Qc6+ 30. Kg1 Re8 31. Ne7+ Rxe7 32. Qxe7 1-0

[Event "Live Chess"]
[Site "Chess.com"]
[Date "2023.05.21"]
[Round "-"]
[White "CocheseUK"]
[Black "Conradical12"]
[Result "0-1"]
[WhiteElo "1034"]
[BlackElo "1650"]
[TimeControl "300"]
[EndTime "21:26:55 PDT"]
[Termination "Conradical12 won on time"]

1. e4 e5 2. Nf3 Nc6 3. Bb5 Nf6 4. Nc3 Bb4 5. d3 d6 6. a3 Ba5 7. O-O a6 8. Ba4 O-O 9. Nd5 Nxd5 10. exd5 Ne7 11.
Bb3 b5 12. c4 Bb7 13. Bg5 f6 14. Bh4 Nf5 15. Ba2 Kh8 16. b4 Bb6 17. g4 Nxh4 18.
Nxh4 Bd4 19. Rb1 c6 20. Nf3 cxd5 21. Nxd4 exd4 22. cxd5 Rc8 23. Rc1 Rc3 24. Rxc3 dxc3 25. Qc2 Qc7 26. d4 Qd7 27. f3 Rc8 28. Rc1 Qf7 29. Qd3 Bxd5 30. Bb1 g6 31. Kf2 Ba2 32. Bc2 d5 33. Bb1 Bxb1 34. Qxb1 Qc7 35. Qc2 Qxh2+ 36.
Ke3 Qh6+ 37. Kf2 Qf4 38. Qd3 Qxc1 0-1

[Event "Live Chess"]
[Site "Chess.com"]
[Date "2023.05.21"]
[Round "-"]
[White "Singapourfeuj"]
[Black "tpm07"]
[Result "1-0"]
[WhiteElo "2176"]
[BlackElo "1951"]
[TimeControl "300"]
[EndTime "21:27:00 PDT"]
[Termination "Singapourfeuj won by checkmate"]

1. c4 e5 2. g3 c6 3. Bg2 d5 4.
cxd5 cxd5 5. d4 e4 6. Nc3 Nc6 7. Nh3 Nf6 8. Bg5 Be7 9. Nf4 Be6 10. Nxe6 fxe6 11. O-O O-O 12. e3 a6 13. f3 exf3 14. Rxf3 Nd7 15. Rxf8+ Qxf8 16. Bxe7 Qxe7 17. Bh3 Nf6 18.
Qe2 Re8 19. Bg2 Qb4 20. a3 Qb3 21. Rf1 Na5 22. e4 Qc4 23. Qe3 Nb3 24. Ne2 Nxe4 25. Bxe4 dxe4 26. Qxe4 e5 27. Qxb7 Nd2 28. Rf2 exd4 29.
Nxd4 Ne4 30. Qd7 Rc8 31. Ne6 Qc1+ 32. Kg2 Rc7 33. Rf8# 1-0

[Event "Live Chess"]
[Site "Chess.com"]
[Date "2023.05.21"]
[Round "-"]
[White "LutherSullivan"]
[Black "BostonStrangler"]
[Result "1-0"]
[WhiteElo "2201"]
[BlackElo "2054"]
[TimeControl "300"]
[EndTime "21:27:09 PDT"]
[Termination "LutherSullivan won on time"]

1. e4 c5 2. Nf3 g6 3. c3 Bg7 4.
d4 cxd4 5. cxd4 d5 6. e5 Bg4 7. Nbd2 Nc6 8. Bb5 Qd7 9. O-O a6 10. Bxc6 Qxc6 11. h3 Bxf3 12. Nxf3 e6 13. Bd2 Ne7 14. Bb4 Qd7 15. Rc1 O-O 16. Qb3 Rfc8 17. Bc5 Nc6 18. Qb6 Bf8 19. b4 Be7 20. Bxe7 Qxe7 21.
Rc5 Qc7 22. Qxc7 Rxc7 23. a4 Rac8 24. Rfc1 b6 25. R5c3 b5 26. axb5 axb5 27. Rc5 Kf8 28. Kf1 Ke7 29. Rxb5 Kd7 30. Rb6 h5 31. b5 Na5 32. Rd6+ Ke7 33. Rxc7+ Rxc7 34. Ra6 Nc4 35. b6 Rd7 36. Ke2 Kd8 37. Ng5 Kc8 38. Ra8+ Kb7 39.
Ra7+ Kc6 40. Nxf7 Rxa7 41. bxa7 1-0

[Event "Live Chess"]
[Site "Chess.com"]
[Date "2023.05.21"]
[Round "-"]
[White "ViktorTheCoolBoy"]
[Black "Long1968"]
[Result "1-0"]
[WhiteElo "2477"]
[BlackElo "1060"]
[TimeControl "300"]
[EndTime "21:27:19 PDT"]
[Termination "ViktorTheCoolBoy won on time"]

1. e4 e6 2. d3 d5 3. Qe2 c5 4. Nf3 Nc6 5. g3 b6 6. Bg2 Bb7 7. O-O Nd4 8. Nxd4 cxd4 9. exd5 Bxd5 10. Bxd5 Qxd5 11. c4 Qd7 12. Qf3 Rd8 13. Na3 a6 14. Nc2 Nf6 15. Bg5 Be7 16. Rfe1 O-O 17. b4 h6 18. Bxf6 Bxf6 19. a4 e5 20. a5 b5 21.
Na3 Be7 22. Rab1 f6 23. cxb5 axb5 24. Rec1 Rc8 25. Qd1 Rxc1 26. Qxc1 Rc8 27. Qb2 Rc3 28. Qa2+ Kf8 29. a6 Qa7 30. Nxb5 Qb6 31. Nxc3 dxc3 32. a7 c2 33. a8=Q+ Qd8 34. Qxd8+ 1-0

[Event "Live Chess"]
[Site "Chess.com"]
[Date "2023.05.21"]
[Round "-"]
[White "Tushinskiy"]
[Black "Bakunian2022"]
[Result "1-0"]
[WhiteElo "2214"]
[BlackElo "761"]
[TimeControl "300"]
[EndTime "21:28:59 PDT"]
[Termination "Tushinskiy won by checkmate"]

1. d4 Nf6 2. c3 g6 3. Nf3 Bg7 4. Bf4 O-O 5. Bg3 d6 6. Nbd2 Nbd7 7. e4 b6 8. Bd3 c5 9. d5 Nh5 10. Qe2 Nxg3 11. hxg3 f5 12. exf5 gxf5 13. Ng5 Nf6 14. Ne6 Bxe6 15. Qxe6+ Kh8 16. Bxf5 a5 17. O-O-O a4 18.
Bxh7 Nxh7 19. Rxh7+ Kxh7 20. Rh1+ Bh6 21. Qxh6+ Kg8 22.
Qg6# 1-0

[Event "Live Chess"]
[Site "Chess.com"]
[Date "2023.05.21"]
[Round "-"]
[White "BostonStrangler"]
[Black "Singapourfeuj"]
[Result "0-1"]
[WhiteElo "2048"]
[BlackElo "2181"]
[TimeControl "300"]
[EndTime "21:29:24 PDT"]
[Termination "Singapourfeuj won by resignation"]

1. e4 c5 2. Nc3 Nc6 3. f4 e6 4.
Nf3 d5 5. exd5 exd5 6. d4 Nf6 7. Bc4 dxc4 8. d5 Nd4 9. Nxd4 cxd4 10. Qxd4 Bd6 11.
O-O O-O 12. Qxc4 Bf5 13. Qb3 Qd7 14. Be3 Rfe8 15. Bd4 Ng4 16. h3 Nh6 17. g4 Bxg4 18. hxg4 Qxg4+ 19. Kh1 Qh3+ 20. Kg1 Qg3+ 21. Kh1 Ng4 0-1

[Event "Live Chess"]
[Site "Chess.com"]
[Date "2023.05.21"]
[Round "-"]
[White "tpm07"]
[Black "LutherSullivan"]
[Result "0-1"]
[WhiteElo "1948"]
[BlackElo "2205"]
[TimeControl "300"]
[EndTime "21:29:37 PDT"]
[Termination "LutherSullivan won by resignation"]

1. d4 Nf6 2. c4 g6 3. Nc3 d5 4. cxd5 Nxd5 5. e4 Nxc3 6. bxc3 Bg7 7. Nf3 c5 8. Be3 Qa5 9. Qd2 O-O 10. Rc1 Bg4 11.
Ne5 Bxe5 12. dxe5 Rd8 13. Qc2 Nc6 14. h3 Be6 15. f4 Nd4 16. Qf2 Bxa2 17. Be2 Nb3 18.
Rc2 Bb1 19. Rb2 Qxc3+ 0-1

[Event "Live Chess"]
[Site "Chess.com"]
[Date "2023.05.21"]
[Round "-"]
[White "mirandaasilva"]
[Black "raminguy"]
[Result "0-1"]
[WhiteElo "1684"]
[BlackElo "1953"]
[TimeControl "300"]
[EndTime "21:30:28 PDT"]
[Termination "raminguy won on time"]

1. Nf3 Nf6 2. c4 e6 3. e3 d5 4.
cxd5 exd5 5. d4 c6 6. Nc3 Be7 7. Bd3 O-O 8. O-O Bg4 9. h3 Bh5 10. Qb3 Qc7 11. Ne5 Nbd7 12. Nxd7 Qxd7 13. Bd2 Rfe8 14. Rae1 Bd6 15. f3 Bg3 16. Re2 b6 17.
Qc2 Rad8 18. Be1 Bb8 19. Bh4 Qd6 20. g4 Bg6 21. f4 Bxd3 22. Qxd3 Rc8 23. Bxf6 Qxf6 24.
e4 dxe4 25. Nxe4 Qh4 26. Rfe1 Red8 27. Ng5 Bxf4 28. Qf5 Qxg5 29. Qxc8 Be3+ 30. Rxe3 Qxe3+ 31. Rxe3 Rxc8 32. Re7 a5 33. Rb7 b5 34. Rb6 Kf8 35.
d5 cxd5 36. Rxb5 Rc1+ 37. Kf2 Rc2+ 38. Kf3 Rh2 39. a4 Rxh3+ 40. Kf4 Rd3 41. Rxa5 Rd4+ 42.
Ke5 Rxg4 43. Rc5 Rg5+ 44. Kf4 Rh5 45. a5 Rh4+ 46. Kg3 Ra4 47. a6 Rxa6 48. b4 Rb6 49.
b5 d4 50. Kg2 d3 51. Kg3 d2 52. Kf2 d1=Q 0-1

[Event "Live Chess"]
[Site "Chess.com"]
[Date "2023.05.21"]
[Round "-"]
[White "smoggyrabbit"]
[Black "KeithArkell"]
[Result "0-1"]
[WhiteElo "1750"]
[BlackElo "2556"]
[TimeControl "300"]
[EndTime "21:31:40 PDT"]
[Termination "KeithArkell won on time"]

1. d4 e6 2. Nf3 Nf6 3. e3 c5 4. Bd3 cxd4 5. exd4 b6 6. b3 Be7 7. O-O O-O 8. Bb2 Ba6 9. c4 d5 10. Nbd2 Nc6 11. Ne5 Rc8 12. f4 dxc4 13. Nxc6 Rxc6 14. bxc4 Bb4 15. Rc1 Qc7 16. d5 exd5 17. Bxf6 Rxf6 18. cxd5 Qb7 19. Ne4 Rh6 20. Bxa6 Qxa6 21. d6 Rd8 22. d7 Qb7 23. Qd4 Be7 24. Rfd1 f5 25. Qd5+ Qxd5 26. Rxd5 fxe4 27. Rc8 Kf7 28. Rxd8 Bxd8 29. Kf2 Ke6 30. Rd1 Rh5 0-1

[Event "Live Chess"]
[Site "Chess.com"]
[Date "2023.05.21"]
[Round "-"]
[White "Conradical12"]
[Black "matt1979"]
[Result "0-1"]
[WhiteElo "1639"]
[BlackElo "1504"]
[TimeControl "300"]
[EndTime "21:32:15 PDT"]
[Termination "matt1979 won by resignation"]

1. e4 c5 2. Nc3 Nc6 3. Bb5 g6 4. d3 Bg7 5. Be3 d6 6. Qd2 e5 7.
Nd5 h6 8. O-O-O Ne7 9. Nf3 Nxd5 10. exd5 a6 11. dxc6 axb5 12. cxb7 Bxb7 13. a3 Qb8 14.
Rhe1 Bc6 15. Qc3 b4 16. axb4 O-O 17. bxc5 e4 18. Nd4 Bd5 19. dxe4 Bxe4 20. Bxh6 Bxh6+ 21. Kb1 Qa7 0-1

[Event "Live Chess"]
[Site "Chess.com"]
[Date "2023.05.21"]
[Round "-"]
[White "Biranidun"]
[Black "seabuck"]
[Result "1-0"]
[WhiteElo "2537"]
[BlackElo "1877"]
[TimeControl "300"]
[EndTime "21:33:33 PDT"]
[Termination "Biranidun won by checkmate"]

1. e4 e6 2. d4 d5 3. e5 c5 4. c3 Nc6 5. Nf3 Bd7 6. Bd3 Rc8 7.
a3 cxd4 8. cxd4 Qb6 9. Bc2 Qa5+ 10. Nc3 Bb4 11. Bd2 Bxc3 12. Bxc3 Qb6 13. O-O Nge7 14. h4 Na5 15. h5 Bb5 16. Re1 h6 17. Bb4 Nec6 18.
Bc5 Qd8 19. a4 Bc4 20. b3 b6 21. Ba3 Ba6 22. b4 Nc4 23. b5 Nxa3 24. Rxa3 Nb4 25.
Bb1 Bb7 26. Rb3 Qe7 27. Qd2 a5 28. bxa6 Nxa6 29. Rxb6 O-O 30. Qd3 f5 31. exf6 Rxf6 32. Qh7+ Kf8 33. Qh8+ Kf7 34. Ne5# 1-0

[Event "Live Chess"]
[Site "Chess.com"]
[Date "2023.05.21"]
[Round "-"]
[White "Doge_Dandolo"]
[Black "Ayush_prahlad_Gupta"]
[Result "1-0"]
[WhiteElo "1935"]
[BlackElo "1768"]
[TimeControl "300"]
[EndTime "21:33:44 PDT"]
[Termination "Doge_Dandolo won on time"]

1. Nf3 e5 2. Nxe5 Nc6 3. d4 Nxe5 4. dxe5 Ke7 5. Nc3 f6 6. exf6+ Nxf6 7. Bg5 Kf7 8. e4 d6 9. Bc4+ Be6 10. Qe2 Be7 11.
O-O-O Re8 12. f4 c6 13. Bxe6+ Kxe6 14. e5 Nd5 15. Nxd5 cxd5 16. Rhe1 Kf7 17. Qd3 Kg8 18. Qxd5+ Kh8 19. Bxe7 Qxe7 20. Qxd6 Qh4 21. Qc7 Qxf4+ 22. Kb1 Rac8 23. Qxb7 Qxh2 24. a3 Rb8 25. Qf3 Qh6 26. Rd6 Qh4 27. Red1 Qa4 28. Qg3 Qb5 29. Qb3 Qxe5 30.
Qxb8 Rxb8 31. Rd8+ Qe8 32. Rxe8+ Rxe8 33. c4 h6 34. c5 Re2 35. c6 Re8 36. c7 Re2 37.
c8=Q+ Kh7 38. Qf5+ Kg8 39. Rd8+ 1-0

[Event "Live Chess"]
[Site "Chess.com"]
[Date "2023.05.21"]
[Round "-"]
[White "chessfiction"]
[Black "NatashaRegan"]
[Result "1-0"]
[WhiteElo "2365"]
[BlackElo "1740"]
[TimeControl "300"]
[EndTime "21:34:28 PDT"]
[Termination "chessfiction won by resignation"]

1. e4 e5 2. Nf3 Nc6 3. Bb5 Nge7 4. O-O g6 5. d4 exd4 6. c3 dxc3 7. Ng5 Bg7 8. Qf3 Ne5 9. Qg3 c6 10. Be2 c2 11. Na3 O-O 12. Bf4 d6 13. Nxc2 h6 14. Nf3 Nxf3+ 15. Bxf3 d5 16. Rad1 Qa5 17. Bd6 Re8 18.
Bxe7 Rxe7 19. exd5 cxd5 20. Rxd5 Qxa2 21. Rd8+ Kh7 22.
Ne3 Qxb2 23. Nc4 Qf6 24. Nd6 Rc7 25. Ne8 Qxd8 26. Nxc7 Rb8 27. Ne6 Bxe6 28. Rd1 Qa5 29. Qxb8 Be5 30. Qxb7 Qa4 31. Re1 Bg7 32. g3 Qd4 33. Kg2 a5 34. h4 h5 35. Re4 Qc3 36. Rf4 Qb3 37. Qa7 Be5 38. Qxa5 Bxf4 39. gxf4 Qc4 40. Qg5 Qc3 41. Be4 Kg7 42. f5 Bc4 43. fxg6 fxg6 44. Qxg6+ Kf8 45. Qf5+ Ke7 46. Bf3 Kd6 47.
Qg6+ Kc5 48. Qxh5+ Kb4 49. Qg4 Kb3 50. h5 Qd4 51. Qxd4 1-0

[Event "Live Chess"]
[Site "Chess.com"]
[Date "2023.05.21"]
[Round "-"]
[White "Conradical12"]
[Black "KeithArkell"]
[Result "0-1"]
[WhiteElo "1639"]
[BlackElo "2556"]
[TimeControl "300"]
[EndTime "21:34:28 PDT"]
[Termination "KeithArkell won by resignation"]

1. e4 c6 2. d4 d5 3. f3 e5 4. dxe5 Bc5 5. b3 Qb6 6. Qe2 Bxg1 7. exd5 cxd5 8. Nc3 Ne7 9. Bb2 Qe3 10. Qxe3 Bxe3 11. Be2 Bd4 0-1

[Event "Live Chess"]
[Site "Chess.com"]
[Date "2023.05.21"]
[Round "-"]
[White "Long1968"]
[Black "Tushinskiy"]
[Result "0-1"]
[WhiteElo "1060"]
[BlackElo "2214"]
[TimeControl "300"]
[EndTime "21:35:26 PDT"]
[Termination "Tushinskiy won on time"]

1. e4 e5 2. f4 d6 3. Bc4 Nf6 4.
Nc3 Bg4 5. Nf3 Nbd7 6. O-O Be7 7. h3 Bxf3 8. Qxf3 O-O 9. g4 exf4 10. Qxf4 Ne5 11. Bb3 c5 12. g5 Nh5 13. Qf2 Bxg5 14. d4 cxd4 15. Qxd4 Bxc1 16. Raxc1 Qg5+ 17. Kf2 Qg3+ 18.
Ke2 Nf4+ 19. Rxf4 Qxf4 20. Rf1 Qh2+ 21. Rf2 Qxh3 22. Nd5 Rae8 23. Qxa7 Qh5+ 24. Kd2 Nf3+ 25. Kc3 Rxe4 0-1

[Event "Live Chess"]
[Site "Chess.com"]
[Date "2023.05.21"]
[Round "-"]
[White "matt1979"]
[Black "Biranidun"]
[Result "0-1"]
[WhiteElo "1504"]
[BlackElo "2537"]
[TimeControl "300"]
[EndTime "21:35:28 PDT"]
[Termination "Biranidun won by resignation"]

1. f4 d5 2. e3 Nf6 3. Nf3 g6 4. Be2 Bg7 5. O-O O-O 6. Nc3 c5 7. d3 d4 8. Ne4 Nd5 9. Nxc5 dxe3 10. g3 Nc6 11. Ne4 Qb6 12. Qe1 Bh3 13. Bd1 e2+ 0-1

[Event "Live Chess"]
[Site "Chess.com"]
[Date "2023.05.21"]
[Round "-"]
[White "BostonStrangler"]
[Black "LutherSullivan"]
[Result "1-0"]
[WhiteElo "2059"]
[BlackElo "2192"]
[TimeControl "300"]
[EndTime "21:35:54 PDT"]
[Termination "BostonStrangler won - game abandoned"]

1. Nf3 Nf6 2. b3 g6 3. Bb2 Bg7 4. e4 d6 5. e5 dxe5 6. Bxe5 O-O 7. Bc4 Nc6 8. Bb2 e5 9. O-O Re8 10. Ng5 Nd5 11. Nxf7 Kxf7 12. Qf3+ Kg8 13. Bxd5+ Kh8 14. Bxc6 bxc6 15. Qxc6 Rb8 16. Na3 Bb7 17. Qc3 Re7 18.
Qe3 Qd5 19. f3 Kg8 20. Qxa7 Ree8 21. Nc4 Bf8 22. Qa5 Bc5+ 23. Kh1 Ra8 24. Qc3 Bd4 25.
Qd3 c5 26. c3 1-0

[Event "Live Chess"]
[Site "Chess.com"]
[Date "2023.05.21"]
[Round "-"]
[White "seabuck"]
[Black "Doge_Dandolo"]
[Result "1-0"]
[WhiteElo "1888"]
[BlackElo "1926"]
[TimeControl "300"]
[EndTime "21:36:52 PDT"]
[Termination "seabuck won by resignation"]

1. d4 d5 2. c4 c6 3. Nc3 Nf6 4.
e3 a6 5. Nf3 Bf5 6. Qb3 Ra7 7.
cxd5 Nxd5 8. Nxd5 Qxd5 9. Bc4 Qd6 10. Bxf7+ Kd8 11. Bd2 Nd7 12. O-O e6 13. Ne5 Nxe5 14.
dxe5 Qe7 15. Qb6+ Kc8 16. Qxa7 Qxf7 17. Qa8+ Kc7 18. Ba5+ 1-0

[Event "Live Chess"]
[Site "Chess.com"]
[Date "2023.05.21"]
[Round "-"]
[White "Bakunian2022"]
[Black "Singapourfeuj"]
[Result "0-1"]
[WhiteElo "761"]
[BlackElo "2181"]
[TimeControl "300"]
[EndTime "21:37:19 PDT"]
[Termination "Singapourfeuj won by resignation"]

1. e4 c5 2. Nf3 d6 3. d4 cxd4 4. Nxd4 Nf6 5. Nc3 a6 6. Bg5 Nbd7 7. Be2 Qc7 8. O-O h6 9. Bxf6 Nxf6 10. f4 e6 11. Bg4 Qb6 12. Kh1 Nxg4 13. Qxg4 Qxd4 14. Rad1 Qb6 15. b3 Bd7 16. Rd3 Rc8 17. Ne2 Rxc2 18.
Rfd1 h5 19. Qf3 Be7 20. e5 d5 21. f5 exf5 22. Nd4 g6 23. Nxc2 Be6 24. Nd4 h4 25.
h3 O-O 26. Nxe6 fxe6 27. g4 Qc7 28. gxf5 Rxf5 29. Qe2 Qxe5 30. Re3 Qf4 31. Rxe6 Bf6 32. Rg1 Kg7 33. Rb6 Qe4+ 34. Qxe4 dxe4 35. Rxb7+ Kh6 36. Rb4 e3 37. Rxh4+ Bxh4 38. Rg2 Rf2 39. Kg1 Rxg2+ 40. Kxg2 e2 0-1

[Event "Live Chess"]
[Site "Chess.com"]
[Date "2023.05.21"]
[Round "-"]
[White "KeithArkell"]
[Black "chessfiction"]
[Result "1-0"]
[WhiteElo "2560"]
[BlackElo "2361"]
[TimeControl "300"]
[EndTime "21:38:39 PDT"]
[Termination "KeithArkell won by resignation"]

1. d4 Nf6 2. Nf3 g6 3. c4 Bg7 4. Nc3 O-O 5. g3 d6 6. Bg2 c6 7. O-O Qa5 8. e4 Qh5 9. Ng5 Qxd1 10. Rxd1 h6 11. Nf3 Bg4 12. h3 Bxf3 13. Bxf3 Nbd7 14.
Be2 a6 15. Be3 b5 16. b4 bxc4 17. Bxc4 d5 18. exd5 Nb6 19. Bb3 Nfxd5 20. Nxd5 cxd5 21.
Rdc1 Rfc8 22. Rc5 e5 23. dxe5 Bxe5 24. Rd1 Nc4 25. Bxc4 Rxc5 26. Bxd5 Rxd5 27. Rxd5 Bc3 28. a3 g5 29. Ra5 Kf8 30. g4 Ke7 31. Kg2 Kd6 32. Kf3 Kc7 33. Rc5+ 1-0

[Event "Live Chess"]
[Site "Chess.com"]
[Date "2023.05.21"]
[Round "-"]
[White "Pablo_dmp"]
[Black "mirandaasilva"]
[Result "1-0"]
[WhiteElo "1847"]
[BlackElo "1679"]
[TimeControl "300"]
[EndTime "21:40:54 PDT"]
[Termination "Pablo_dmp won on time"]

1. e4 c5 2. a3 d6 3. Nf3 g6 4. Bc4 Nf6 5. Nc3 Bg7 6. O-O O-O 7. d3 a6 8. Bg5 h6 9. Bh4 b5 10. Bb3 Bb7 11. Qe2 Nc6 12. Rad1 Nh5 13.
Qd2 Qd7 14. Nd5 Qg4 15. Bg3 Nxg3 16. fxg3 Rae8 17. Ne3 Qd7 18. c3 e6 19. Bc2 Re7 20. Rfe1 f5 21. exf5 exf5 22. Nd5 Rxe1+ 23. Rxe1 Re8 24.
Rxe8+ Qxe8 25. Bb3 Kh7 26. h4 Ne5 27. Qf4 c4 28. dxc4 bxc4 29. Bxc4 Nxc4 30. Qxc4 Bxd5 31. Qxd5 Qe3+ 32. Kh2 Qe2 33. Qxd6 Qxb2 34. Qxa6 Qb3 35. c4 f4 36. gxf4 1-0

[Event "Live Chess"]
[Site "Chess.com"]
[Date "2023.05.21"]
[Round "-"]
[White "raminguy"]
[Black "ExIsambard"]
[Result "1-0"]
[WhiteElo "1960"]
[BlackElo "1911"]
[TimeControl "300"]
[EndTime "21:41:04 PDT"]
[Termination "raminguy won by checkmate"]

1. d4 Nf6 2. Nc3 e5 3. dxe5 Ng4 4. Nf3 Nc6 5. Bg5 f6 6. exf6 gxf6 7. Bh4 Bc5 8. e3 d6 9. h3 Nge5 10. Nd5 O-O 11. Nxe5 Nxe5 12. f4 Ng6 13. Bf2 c6 14. Nc3 Re8 15. Qf3 Qb6 16. Nd1 Bf5 17. Bd3 Bxd3 18.
cxd3 Bb4+ 19. Kf1 d5 20. Kg1 Bd2 21. Qg3 Kh8 22. f5 Ne7 23. e4 Qa5 24. Bd4 Rf8 25.
Qh4 Ng8 26. Nf2 c5 27. Bc3 Bxc3 28. bxc3 Qxc3 29. Kh2 Qe5+ 30. g3 dxe4 31. dxe4 Rad8 32. Rad1 Qb2 33. Kg2 Rd2 34. Rxd2 Qxd2 35. Rd1 Qxa2 36. Rd7 Rf7 37. Rd8 c4 38. Kf3 c3 39. Ng4 Qa5 40. Rc8 c2 41. Nxf6 Qa3+ 42. Kg2 Qf8 43. Rxf8 Rxf8 44. Qxh7# 1-0

[Event "Live Chess"]
[Site "Chess.com"]
[Date "2023.05.21"]
[Round "-"]
[White "Fazer180"]
[Black "smoggyrabbit"]
[Result "1-0"]
[WhiteElo "1746"]
[BlackElo "1742"]
[TimeControl "300"]
[EndTime "21:41:38 PDT"]
[Termination "Fazer180 won on time"]

1. e4 e6 2. d4 d5 3. Nc3 Nf6 4. e5 Nfd7 5. f4 c5 6. Nf3 Nc6 7. Be3 b6 8. Bb5 Bb7 9. O-O Be7 10. f5 cxd4 11. Bxc6 Bxc6 12. Bxd4 Bc5 13. fxe6 fxe6 14. Kh1 O-O 15. Qd2 Qc7 16. Ng5 Rxf1+ 17. Rxf1 Bxd4 18.
Qxd4 Qxe5 19. Qxe5 Nxe5 20. Nxe6 Nc4 21. Nd4 Bb7 22.
b3 Nd2 23. Rf2 Re8 24. h3 Ne4 25. Nxe4 dxe4 26. Nb5 e3 27. Re2 Ba6 28. c4 Bxb5 29. cxb5 Kf7 30. Kh2 Kf6 31. Kg3 Kf5 32. Kf3 Re5 33.
a4 g5 34. Rxe3 h5 35. Rxe5+ Kxe5 36. g3 Kf5 37. Ke3 g4 38. h4 Ke5 39. b4 Kd5 40.
Kf4 Kc4 41. Kg5 1-0

[Event "Live Chess"]
[Site "Chess.com"]
[Date "2023.05.21"]
[Round "-"]
[White "KeithArkell"]
[Black "1PRK1"]
[Result "1-0"]
[WhiteElo "2560"]
[BlackElo "1380"]
[TimeControl "300"]
[EndTime "21:42:25 PDT"]
[Termination "KeithArkell won by resignation"]

1. d4 Nf6 2. Nf3 e6 3. c4 d5 4.
cxd5 exd5 5. Nc3 c6 6. Qc2 Be7 7. Bg5 O-O 8. e3 Nbd7 9. Bd3 h6 10. Bh4 Re8 11. O-O Nf8 12. h3 Ne6 13. Bxf6 Bxf6 14. b4 b5 15. a4 bxa4 16. Nxa4 Bb7 17. Nc5 Nxc5 18. Qxc5 Be7 19. Qc3 a5 20. bxa5 Rxa5 21. Qxa5 Qxa5 22. Rxa5 1-0

[Event "Live Chess"]
[Site "Chess.com"]
[Date "2023.05.21"]
[Round "-"]
[White "chessfiction"]
[Black "mirandaasilva"]
[Result "1-0"]
[WhiteElo "2361"]
[BlackElo "1679"]
[TimeControl "300"]
[EndTime "21:42:39 PDT"]
[Termination "chessfiction won by resignation"]

1. e4 e6 2. d4 d5 3. Nc3 dxe4 4. Nxe4 Bd7 5. Nf3 Nf6 6. Neg5 h6 7. Nxf7 Kxf7 8.
Ne5+ Kg8 9. Bd3 Be8 10. Be3 Nc6 11. f4 Nxd4 12. Bxd4 Qxd4 13. Bh7+ Rxh7 14. Qxd4 Nd5 15. O-O-O c5 16. Qe4 Nf6 17. Qxb7 1-0

[Event "Live Chess"]
[Site "Chess.com"]
[Date "2023.05.21"]
[Round "-"]
[White "Long1968"]
[Black "Conradical12"]
[Result "0-1"]
[WhiteElo "1059"]
[BlackElo "1640"]
[TimeControl "300"]
[EndTime "21:42:42 PDT"]
[Termination "Conradical12 won on time"]

1. e4 e6 2. d4 d5 3. Nc3 c5 4. exd5 exd5 5. Bb5+ Bd7 6. Qe2+ Be7 7. Nf3 Nf6 8. dxc5 O-O 9. O-O Bxc5 10. Bg5 a6 11. Bxf6 Qxf6 12. Bxd7 Nxd7 13. Nxd5 Qxb2 14. Rab1 Qxa2 15.
Rxb7 Qxd5 16. Rfb1 Rfe8 17. Qd2 Qxd2 18. Nxd2 Rad8 19.
Nc4 Nf6 20. Rc7 Bd4 21. g3 Re2 0-1

[Event "Live Chess"]
[Site "Chess.com"]
[Date "2023.05.21"]
[Round "-"]
[White "Tushinskiy"]
[Black "Biranidun"]
[Result "0-1"]
[WhiteElo "2212"]
[BlackElo "2540"]
[TimeControl "300"]
[EndTime "21:43:05 PDT"]
[Termination "Biranidun won by resignation"]

1. d4 Nf6 2. c3 g6 3. Nf3 h6 4. Bf4 Bg7 5. Bg3 d6 6. Nbd2 Nbd7 7. e4 b6 8. Bd3 O-O 9. Qe2 Bb7 10. e5 dxe5 11.
dxe5 Nc5 12. Bc2 Nh5 13. O-O Ba6 14. c4 Qc8 15. Rad1 Bb7 16. Nh4 Ne6 17. f4 Nd4 18. Qd3 Nxc2 19. Qxc2 Nxg3 20. hxg3 Qg4 21. Qc3 Rad8 22.
Kh2 Rd7 23. Ndf3 Rfd8 24. Rxd7 Qxd7 25. Qe1 e6 26. b3 Bf8 27. Qe2 Qd3 28. Re1 Bb4 29.
Qxd3 Rxd3 30. Re2 Rd1 31. g4 a5 32. Kg3 a4 33. Kf2 Bc5+ 34. Kg3 axb3 35. axb3 Rd3 36. Ra2 g5 37. Nf5 exf5 38. gxf5 Be4 39. f6 Kh7 40. Ra7 Kg6 41. Rxc7 Be3 42. fxg5 hxg5 43. e6 Bf4+ 44. Kf2 Bxc7 45. exf7 Rxf3+ 46. gxf3 Kxf7 47. fxe4 Kxf6 48. Kf3 Bd6 49. Kg4 Bb4 50. e5+ Kxe5 51. Kxg5 Kd4 52. Kf4 Kc3 53. Ke4 Kxb3 54. Kd4 Bc5+ 55. Kd5 Kb4 0-1

[Event "Live Chess"]
[Site "Chess.com"]
[Date "2023.05.21"]
[Round "-"]
[White "Singapourfeuj"]
[Black "seabuck"]
[Result "1-0"]
[WhiteElo "2184"]
[BlackElo "1885"]
[TimeControl "300"]
[EndTime "21:43:30 PDT"]
[Termination "Singapourfeuj won by resignation"]

1. d4 d5 2. c4 c6 3. Nf3 e6 4. cxd5 exd5 5. Nc3 Nf6 6. Bg5 h6 7. Bh4 Bf5 8. e3 Be7 9. Bd3 Bxd3 10. Qxd3 O-O 11. Bxf6 Bxf6 12. O-O Nd7 13. Rab1 a5 14. a3 Qb6 15. Rfc1 Qb3 16. Qc2 Qxc2 17. Rxc2 Nb6 18.
Ne2 Nc4 19. Nd2 b5 20. Nxc4 bxc4 21. b3 Rfb8 22. Rcb2 cxb3 23. Rxb3 Rxb3 24. Rxb3 Be7 25. a4 Bb4 26. Nf4 Rb8 27. Nd3 Bd6 28. Rxb8+ Bxb8 29. h3 Kf8 30. Nc5 Ke7 31. Kf1 Bd6 32. Nb3 Bb4 33. Ke2 Kd6 34. Kd3 c5 35. dxc5+ Bxc5 36.
Nxa5 Bb4 37. Nb3 g5 38. f3 f5 39. g4 fxg4 40. hxg4 Be1 41. Nd4 1-0

[Event "Live Chess"]
[Site "Chess.com"]
[Date "2023.05.21"]
[Round "-"]
[White "Conradical12"]
[Black "Biranidun"]
[Result "0-1"]
[WhiteElo "1640"]
[BlackElo "2540"]
[TimeControl "300"]
[EndTime "21:44:03 PDT"]
[Termination "Biranidun won by checkmate"]

1. e4 c5 2. f4 Nc6 3. d4 cxd4 4. c4 dxc3 5. b4 Nxb4 6. a4 c2 7. g4 cxd1=Q+ 8. Kxd1 Qc7 9. h4 Qc2+ 10. Ke1 Qxc1+ 11. Kf2 Qb2+ 12. Ke1 Qxa1 13. Kd1 Qxb1+ 14. Kd2 Qc2+ 15. Ke3 e5 16. h5 Bc5+ 17. Kf3 Qf2# 0-1